 Dungeon Crawl Stone Soup version 0.29.1-15-g9cfb28693d (webtiles) character file.

Game seed: 11411446383522370997

16165 safid the Gelid (level 12, -3/92 HPs)
             Began as a Merfolk Ice Elementalist on Apr 21, 2023.
             Was an Elder of Vehumet.
             Engulfed by an ice dragon's freezing vapour (69 damage)
             ... on level 10 of the Dungeon on Apr 24, 2023.
             The game lasted 00:33:15 (13626 turns).

safid the Gelid (Merfolk Ice Elementalist)         Turns: 13626, Time: 00:33:16

Health: -3/92      AC:  6    Str:  9    XL:     12   Next: 34%
Magic:  24/24      EV: 17    Int: 19    God:    Vehumet [****..]
Gold:   2286       SH:  0    Dex: 20    Spells: 11/27 levels left

rFire   . . .      SeeInvis .   c - +1 triple crossbow (flame)
rCold   . . .      Faith    .   (shield currently unavailable)
rNeg    + + .      Spirit   .   h - +1 robe {rN+}
rPois   .          Reflect  .   m - +1 hat
rElec   +          Harm     .   f - +0 cloak
rCorr   .          Rampage  .   x - +0 pair of gloves
Will    +....                   (boots currently unavailable)
Stlth   ++........              a - amulet of regeneration
HPRegen 1.05/turn               i - ring of Kosi {rElec Will+ Dex+6 Stlth-}
MPRegen 0.19/turn               M - ring of positive energy

@: very quick
A: nimble swimmer 2, mertail
a: Renounce Religion


You were on level 10 of the Dungeon.
You worshipped Vehumet.
Vehumet was greatly pleased with you.
You visited 2 branches of the dungeon, and saw 11 of its levels.
You also visited: Sewer and Bailey.

You collected 2286 gold pieces.

Inventory:

Hand Weapons
 c - a +1 triple crossbow of flaming (weapon)
Missiles
 r - a curare-tipped dart
Armour
 f - a +0 cloak (worn)
 h - a +1 robe of positive energy (worn)
 l - a +1 pair of boots (melded)
 m - a +1 hat (worn)
 x - a +0 pair of gloves (worn)
 I - the +0 buckler of the Valley of Death {rElec rF- Stlth+}
   (You took it off an orc warrior in a bailey)

   rF:        It makes you vulnerable to fire.
   rElec:     It insulates you from electricity.
   Stlth:     It makes you more stealthy.
Jewellery
 a - an amulet of regeneration (around neck)
 i - the ring of Kosi (left hand) {rElec Will+ Dex+6 Stlth-}
   (You found it on level 2 of the Dungeon)

   [ring of willpower]

   Dex:       It affects your dexterity (+6).
   rElec:     It insulates you from electricity.
   Will:      It increases your willpower.
   Stlth:     It makes you less stealthy.
 E - a ring of flight
 M - a ring of positive energy (right hand)
Wands
 C - a wand of roots (17)
 J - a wand of light (6)
 L - a wand of polymorph (4)
Scrolls
 d - 8 scrolls of teleportation
 e - a scroll of fear
 g - 2 scrolls of magic mapping
 j - a scroll of enchant armour {unknown}
 p - 2 scrolls of fog
 v - a scroll of silence {unknown}
 y - a scroll of noise {unknown}
 A - a scroll of blinking {unknown}
 B - a scroll of immolation {unknown}
 D - 2 scrolls of amnesia {unknown}
 G - a scroll of summoning {unknown}
 N - a scroll of identify
Potions
 b - 5 potions of magic
 k - 7 potions of heal wounds
 n - a potion of degeneration {unknown}
 o - 2 potions of curing
 q - a potion of invisibility {unknown}
 s - 4 potions of haste
 t - a potion of mutation {unknown}
 u - a potion of cancellation {unknown}
 w - a potion of brilliance {unknown}
 z - a potion of flight {unknown}
 F - 2 potions of attraction {unknown}
Miscellaneous
 K - a phantom mirror


   Skills:
 - Level 8.0 Fighting
 - Level 4.0 Dodging
 - Level 2.1 Stealth
 - Level 8.0 Spellcasting
 + Level 7.6 Transmutations
 + Level 17.1 Ice Magic


You had 11 spell levels left.
You knew the following spells:

 Your Spells              Type           Power      Damage    Failure   Level
a - Irradiate             Conj/Tmut      11%        3d15      13%         5
b - Frozen Ramparts       Ice            100%       1d16      0%          3
c - Ozocubu's Armour      Ice            64%        N/A       1%          3
d - Hailstorm             Conj/Ice       40%        3d10      1%          4
e - Freeze                Ice            100%       1d11      0%          1

Your spell library contained the following spells:

 Spells                   Type           Power      Damage    Failure   Level
 Ignite Poison            Fire/Tmut/Pois 17%        N/A       2%          3
 Magic Dart               Conj           28%        1d4       2%          1
 Mephitic Cloud           Conj/Pois/Air  7%         N/A       7%          3
 Apportation              Tloc           14%        N/A       9%          1
 Call Imp                 Summ           7%         N/A       14%         2
 Sublimation of Blood     Necr           7%         N/A       14%         2
 Petrify                  Tmut/Erth      22%        N/A       19%         4
 Call Canine Familiar     Summ           7%         N/A       26%         3
 Portal Projectile        Hex/Tloc       14%        N/A       26%         3
 Alistair's Intoxication  Tmut/Pois      14%        N/A       45%         5
 Leda's Liquefaction      Hex/Erth       3%         N/A       65%         4
 Dispersal                Tloc           3%         N/A       100%        6
 Disjunction              Tloc           3%         N/A       100%        8


Dungeon Overview and Level Annotations

Branches:
Dungeon (10/15)            Temple (1/1) D:5            Lair (0/5) D:9
    Orc (0/2) D:9           Sewer (visited)          Bailey (visited)

Altars:
Ashenzari
Cheibriados
Dithmenos
Elyvilon
Fedhas
Gozag
Hepliaklqana
Kikubaaqudgha
Makhleb
Nemelex Xobeh
Okawaru
Qazlal
Ru
Sif Muna
Trog
Uskayaw
Vehumet
Wu Jian
Xom
Yredelemnul
Zin
The Shining One
Lugonu

Shops:
D:1 !   D:2 (   D:9 :

Portals:
Abyss: D:8

Annotations:
D:2 1 runed translucent door, Crazy Yiuf
D:3 2 runed translucent doors, roninjake's ghost, weakling MiFi
D:8 3 runed translucent doors, leafyfresh's ghost, novice OpDe


Innate Abilities, Weirdness & Mutations

You are very nimble when in or above water. (Stealth+, EV+, Speed+++)
Your lower body shifts to a powerful aquatic tail in water.


Message History

Vehumet accepts your kill.
No target in view!
No target in view!
No target in view!
An ice dragon comes into view.
Found 14 gold pieces.
You shoot a bolt. The bolt hits the ice dragon!
The bolt burns the ice dragon.
The ice dragon roars deafeningly!
The ice dragon is moderately wounded.
The ice dragon breathes frost at you. The blast of cold misses you.
Unknown command.
You shoot a bolt. The bolt hits the ice dragon!
The bolt burns the ice dragon.
The ice dragon is moderately wounded.
The ice dragon completely misses you.
The ice dragon claws you but does no damage.
The ice dragon tramples you.
You stumble backwards!
Floosh!
You shoot a bolt. The bolt hits the ice dragon!!
The bolt burns the ice dragon.
The ice dragon is severely wounded.
The ice dragon barely misses you.
The ice dragon claws you but does no damage.
The ice dragon barely misses you.
The ice dragon bites you but does no damage.
The ice dragon claws you. The ice dragon tramples you.
You stumble backwards!
Floosh!
You shoot a bolt. The bolt hits the ice dragon!
The bolt burns the ice dragon.
The ice dragon is severely wounded.
The ice dragon bites you but does no damage.
The ice dragon barely misses you. x2
The ice dragon breathes frost at you. The blast of cold hits you!
The ice dragon barely misses you.
The ice dragon claws you but does no damage.
The ice dragon tramples you!
You stumble backwards!
Floosh!
You shoot a bolt. The bolt hits the ice dragon!
The bolt burns the ice dragon.
The ice dragon is almost dead.
You are engulfed in freezing vapours.
Ouch! That really hurt!
You die...

#..........##≈≈≈≈≈≈≈≈≈≈≈≈##
#..........##≈≈≈≈≈≈≈≈≈≈≈≈≈#
#..........#≈≈≈≈≈≈≈≈≈≈≈≈≈≈##
######.....#≈≈≈≈≈≈###≈≈≈≈≈≈#
#.....#≈≈≈≈### ####≈≈≈##
#..<..#≈≈≈≈## ###≈≈≈##
#.....##≈≈≈≈# $####≈≈≈≈
#[....##≈≈≈≈## .~~# ##≈≈≈
###.....##@D≈≈≈#~~~≈# ##≈≈
#.......###≈≈≈≈≈≈≈≈≈# #≈≈
#.......# ##≈≈≈≈≈≈≈## ##≈
#.......# ###≈≈≈### #≈
#.......# ##### #≈ #.......#
## ###.....# # #.....# ##
######.....# #≈


You could see an ice dragon.

Vanquished Creatures
  Snorg (D:10)
  A two-headed ogre (D:10)
  An ice statue (D:10)
  Joseph (D:10)
  2 unseen horrors
  A komodo dragon (D:10)
  3 kobold demonologists
  A troll (D:10)
  Prince Ribbit (D:8)
  5 yaks (D:10)
  2 steam dragons (D:9)
  2 wargs (D:9)
  2 water moccasins (D:7)
  19 orc warriors
  8 ice beasts
  3 sky beasts
  2 centaurs
  An ogre (D:9)
  A phantom (D:6)
  2 kobold brigands (Sewer)
  5 necrophages
  4 bullfrogs
  5 scorpions
  2 gnoll sergeants
  4 wights (D:7)
  10 killer bees
  6 howler monkeys
  10 electric eels
  3 jellies
  7 orc priests
  A gnoll bouda (D:8)
  A hound (D:5)
  7 iguanas
  3 orc wizards
  14 gnolls
  9 adders
  3 river rats (Sewer)
  3 shadow imps
  3 white imps
  2 ufetubi (D:5)
  2 worms (D:2)
  5 dart slugs
  52 orcs
  14 ball pythons
  4 endoplasms
  5 giant cockroaches
  18 goblins
  14 hobgoblins
  11 jackals
  2 quokkas
  2 bats
  3 frilled lizards (D:1)
  20 kobolds
  26 rats
339 creatures vanquished.

Vanquished Creatures (others)
  A plant (D:9)
1 creature vanquished.

Grand Total: 340 creatures vanquished

Notes
Turn   | Place    | Note
-------+----------+-------------------------------------------
     0 | D:1      | safid the Merfolk Ice Elementalist began the quest for the
                  | Orb.
     0 | D:1      | Reached XP level 1. HP: 13/13 MP: 3/3
   334 | D:1      | Reached XP level 2. HP: 17/20 MP: 0/5
   415 | D:1      | Reached skill level 1 in Fighting
   669 | D:1      | Found Jaimowea's Distillery.
  1126 | D:2      | Reached XP level 3. HP: 16/26 MP: 1/6
  1366 | D:2      | Identified the ring of Kosi {rElec Will+ Dex+6 Stlth-}
  1372 | D:2      | Learned a level 3 spell: Frozen Ramparts
  1722 | D:2      | Learned a level 3 spell: Ozocubu's Armour
  1790 | D:2      | Reached skill level 5 in Ice Magic
  1790 | D:2      | Reached XP level 4. HP: 33/33 MP: 0/8
  1871 | D:2      | Found Plog's Antique Weapon Shoppe.
  2390 | D:2      | Found a runed translucent door.
  2391 | D:2      | Noticed Crazy Yiuf
  2458 | D:2      | Identified the +0 ring mail of Hadjma {Drain MP+9 Str+5}
  3194 | D:3      | Found a basalt altar of Yredelemnul.
  3211 | D:3      | Found a large runed translucent door.
  3214 | D:3      | Found a large runed translucent door.
  3217 | D:3      | Noticed roninjake's ghost (weakling MiFi)
  3426 | D:3      | Noticed a necrophage
  3433 | D:3      | Killed a necrophage
  3434 | D:3      | Reached XP level 5. HP: 41/41 MP: 5/10
  3555 | D:4      | Reached XP level 6. HP: 46/47 MP: 7/11
  3879 | D:4      | Reached skill level 6 in Ice Magic
  4624 | D:4      | Reached XP level 7. HP: 48/55 MP: 9/13
  4705 | D:5      | Entered Level 5 of the Dungeon
  4705 | D:5      | Found a glowing drain.
  4726 | Sewer    | Entered a sewer
  5490 | D:5      | Reached skill level 5 in Fighting
  5711 | D:5      | Reached skill level 7 in Ice Magic
  5815 | D:5      | Reached skill level 5 in Spellcasting
  5815 | D:5      | Reached XP level 8. HP: 60/62 MP: 11/15
  6222 | D:5      | Found a staircase to the Ecumenical Temple.
  6232 | Temple   | Entered the Ecumenical Temple
  6246 | Temple   | Became a worshipper of Vehumet
  7372 | D:6      | Reached skill level 8 in Ice Magic
  7654 | D:6      | Reached XP level 9. HP: 71/71 MP: 12/18
  7846 | D:6      | Reached * piety under Vehumet
  7846 | D:6      | Offered knowledge of Sandblast by Vehumet.
  8455 | D:7      | Found a flagged portal.
  8489 | Bailey   | Entered a bailey
  8658 | Bailey   | Noticed a kobold demonologist
  8663 | Bailey   | Noticed an orange demon
  8712 | Bailey   | Learned a level 4 spell: Hailstorm
  8773 | Bailey   | Reached skill level 9 in Ice Magic
  8912 | Bailey   | Identified the +0 buckler of the Valley of Death {rElec rF-
                  | Stlth+}
  8940 | Bailey   | Noticed a kobold demonologist
  8945 | Bailey   | Noticed a soul eater
  8945 | Bailey   | Killed a kobold demonologist
  9149 | Bailey   | Found an iron altar of Okawaru.
  9158 | Bailey   | Killed a kobold demonologist
  9233 | Bailey   | Reached skill level 10 in Ice Magic
  9233 | Bailey   | Reached XP level 10. HP: 80/80 MP: 12/21
  9586 | Bailey   | Reached ** piety under Vehumet
  9586 | Bailey   | Offered knowledge of Static Discharge by Vehumet.
  9587 | Bailey   | Reached skill level 11 in Ice Magic
  9927 | Bailey   | Acquired a +1 triple crossbow of flaming
  9938 | Bailey   | Acquired 609 gold pieces
  9940 | Bailey   | Reached skill level 15 in Ice Magic
  9940 | Bailey   | Reached XP level 11. HP: 86/86 MP: 23/23
  9941 | Bailey   | Acquired 873 gold pieces
 11131 | D:8      | Found a sparkling altar of Nemelex Xobeh.
 11262 | D:8      | Found a large runed translucent door.
 11262 | D:8      | Found a large runed translucent door.
 11346 | D:8      | Offered knowledge of Dazzling Flash by Vehumet.
 11350 | D:8      | Reached skill level 16 in Ice Magic
 11412 | D:8      | Learned a level 5 spell: Irradiate
 11447 | D:8      | Noticed Prince Ribbit
 11457 | D:8      | Killed Prince Ribbit
 11458 | D:8      | Reached skill level 1 in Transmutations
 11588 | D:8      | Found a runed translucent door.
 11588 | D:8      | Noticed a deep elf pyromancer
 11589 | D:8      | Noticed leafyfresh's ghost (novice OpDe)
 11884 | D:8      | Found a one-way gate to the infinite horrors of the Abyss.
 11884 | D:8      | Identified the +0 robe of Action {+Inv}
 11986 | D:8      | Found a corrupted altar of Lugonu.
 11986 | D:8      | Noticed a purple ugly thing
 11986 | D:8      | Noticed a purple ugly thing
 12008 | D:9      | Found a broken altar of Ashenzari.
 12045 | D:9      | Found a staircase to the Orcish Mines.
 12241 | D:9      | Reached *** piety under Vehumet
 12276 | D:9      | Found Guiczy's Book Emporium.
 12339 | D:9      | Offered knowledge of Airstrike by Vehumet.
 12522 | D:9      | Found a staircase to the Lair.
 12696 | D:9      | Found a hide-covered altar of Uskayaw.
 12790 | D:10     | Entered Level 10 of the Dungeon
 12793 | D:10     | Noticed Snorg
 12802 | D:10     | Killed Snorg
 12803 | D:10     | Reached skill level 5 in Transmutations
 12803 | D:10     | Reached XP level 12. HP: 27/92 MP: 14/24
 12899 | D:10     | Reached **** piety under Vehumet
 12954 | D:10     | Found a snail-covered altar of Cheibriados.
 12955 | D:10     | Found a bloodstained altar of Trog.
 12975 | D:10     | Noticed Joseph
 12983 | D:10     | Killed Joseph
 13060 | D:10     | Offered knowledge of Ignite Poison by Vehumet.
 13094 | D:10     | Noticed a two-headed ogre
 13100 | D:10     | Killed a two-headed ogre
 13493 | D:10     | Reached skill level 17 in Ice Magic
 13620 | D:10     | Noticed an ice dragon
 13626 | D:10     | Engulfed by an ice dragon's freezing vapour

Illustrated notes

Levels and vault maps discovered:
D:1:      minmay_arrival_jagged, layout_loops_ring, serial_shops, shop
D:2:      layout_basic, serial_shops, shop, uniq_crazy_yiuf_cottage
D:3:      minmay_inner_zag, layout_basic, general_overflow_altar,
          ebering_ghost_disaster_area, serial_bayou_pond_e
D:4:      layout_basic, minivault_27
D:5:      layout_cave_pods, minmay_temple_entry_hall, portal_sewer_entry_a,
          minmay_misc_feat_rows
D:6:      layout_loops_ring, hex_medium, hangedman_decor_peaks_small
D:7:      layout_basic, enter_bailey_5, st_stairs_8, minmay_stone_trees_medium
D:8:      due_chaos_kobolds, layout_basic, amcnicky_altar_gilded,
          ebering_ghost_inner_flame, uniq_prince_ribbit1
D:9:      layout_cave_pools, kennysheep_little_box, cheibrodos_ashenzari_chains,
          erik_lair_orcish_takeover, orc_0_dummy, special_room
          [special_room_orc], serial_shops, nicolae_shop_trees,
          patterned_corridor
D:10:     minmay_twisted_water, layout_irregular_city, nicolae_overflow_squiral,
          uniq_snorg, uniq_joseph
Temple:   nicolae_temple_superstar

Skill      XL: |  1  2  3  4  5  6  7  8  9 10 11 12 |
---------------+-------------------------------------+-----
Fighting       | 1 2 3 4 5 6 8 |  8.0
Ice Magic      | 5 6 7 8 10 15 16 17 | 17.1
Spellcasting   | 3 4 5 6 7 8 |  8.0
Dodging        | 4 |  4.0
Transmutations | 5 7 |  7.6
Stealth        | |  2.1

Action                   |  1- 3 |  4- 6 |  7- 9 | 10-12 || total
-------------------------+-------+-------+-------+-------++-------
Melee: Unarmed           |     9 |       |       |       ||     9
       Dagger            |     3 |       |       |       ||     3
       Short sword       |     7 |    88 |   219 |    17 ||   331
       Punch             |       |     1 |       |     1 ||     2
       Tailslap          |       |       |     3 |       ||     3
 Fire: Triple crossbow   |       |       |       |   184 ||   184
 Cast: Freeze            |    42 |    29 |    45 |    17 ||   133
       Frozen Ramparts   |     2 |    10 |    43 |    42 ||    97
       Ozocubu's Armour  |       |     2 |    25 |    36 ||    63
       Irradiate         |       |       |       |     2 ||     2
  Use: Scroll            |       |       |     6 |     8 ||    14
       Potion            |       |       |       |     1 ||     1
 Stab: Sleeping          |       |     1 |       |       ||     1
       Distracted        |       |       |     1 |       ||     1
Armor: Robe              |    15 |    26 |   115 |   114 ||   270
Dodge: Dodged            |    39 |    79 |   212 |   151 ||   481
